 Dungeon Crawl Stone Soup version 0.31-a0-263-ge8cad7f256 (webtiles) character file.

Game seed: 9518708165606137976

189 qw the Shooter (level 5, -8/31 HPs)
             Began as a Gargoyle Hexslinger on July 13, 2023.
             Mangled by an ogre
             ... wielding a +0 giant club
              (30 damage)
             ... on level 4 of the Dungeon.
             The game lasted 00:01:00 (2189 turns).

qw the Shooter (Gargoyle Hexslinger)                Turns: 2189, Time: 00:01:00

Health: -8/31      AC: 12    Str: 11    XL:     5   Next: 68%
Magic:  6/6        EV: 11    Int: 14    God:
Gold:   25         SH:  0    Dex: 14    Spells: 5/6 levels left

rFire   . . .        Y - +1 sling
rCold   . . .        (no shield)
rNeg    + . .        j - +3 leather armour of Xiczinu {Rampage}
rPois   inf          h - +1 helmet
rElec   +            (no cloak)
rCorr   .            (no gloves)
SInv    .            (no boots)
Will    .....        (no amulet)
Stlth   +            (no ring)
HPRegen 0.25/turn    (no ring)
MPRegen 0.10/turn

%: rampage
@: no status effects
A: sickness immunity, AC +4, negative energy resistance 1, electricity
resistance, torment resistance 1, petrification resistance
a: no special abilities


You were on level 4 of the Dungeon.
You visited 1 branch of the dungeon, and saw 4 of its levels.

You collected 122 gold pieces.
You spent 97 gold pieces at shops.


Innate Abilities, Weirdness & Mutations

You are immune to sickness and miasma.
Your stone body is resilient. (AC +4)
You are immune to poison.
You resist negative energy. (rN+)
You are resistant to electric shocks. (rElec)
You are resistant to unholy torment.
You are immune to petrification.


   Skills:
 + Level 2.7 Fighting
 - Level 5.0 Ranged Weapons
 - Level 1.0 Armour
 - Level 1.5 Dodging
 - Level 1.0 Spellcasting
 - Level 2.6 Hexes


You had 5 spell levels left.
You knew the following spells:

 Your Spells              Type           Power      Damage    Failure   Level
a - Slow                  Hex            32%        N/A       12%         1

Your spell library contained the following spells:

 Spells                   Type           Power      Damage    Failure   Level
 Inner Flame              Hex/Fire       4%         N/A       52%         3
 Portal Projectile        Hex/Tloc       8%         N/A       52%         3
 Cause Fear               Hex            4%         N/A       75%         4

Inventory:

Hand Weapons
 Y - a +1 sling (weapon)
Armour
 h - a +1 helmet (worn)
 j - the +3 leather armour of Xiczinu (worn) {Rampage}
   (You found it on level 3 of the Dungeon)

   Rampage:   It bestows one free step when moving towards enemies.
Jewellery
 b - a ring of ice
Scrolls
 c - a scroll of fog {unknown}
 e - a scroll of identify
Potions
 a - 2 potions of resistance
 f - a potion of enlightenment {unknown}
 g - a potion of curing

Dungeon Overview and Level Annotations

Branches:
Dungeon (4/15)
 Temple: D:4-7

Altars:
Hepliaklqana
Trog

Shops:
D:1 *   D:3 ?


Message History

You shoot a sling bullet.
The sling bullet barely misses the ball python.
A ball python is nearby!
You shoot a sling bullet. The sling bullet hits the ball python.
The ball python is heavily wounded.
You shoot a sling bullet. The sling bullet hits the ball python.
You kill the ball python!
You hear the slow hiss of a very distant avalanche of sand.
A kobold comes into view. It is wielding a +0 dagger.
You see here a +0 ring mail.
You shoot a sling bullet.
The sling bullet hits the kobold but does no damage.
The kobold shouts!
You shoot a sling bullet. The sling bullet hits the kobold.
The kobold is heavily wounded.
You shoot a sling bullet. The sling bullet hits the kobold.
You kill the kobold!
You see here a +0 dagger.
You now have enough gold to buy a smoky black potion on D:1, buy a scroll labelled GYQOV RAMETRO on D:1, buy a scroll labelled LIYGIERIRPH on D:1, or buy a scroll labelled UKIOS MATER on D:1.
You can access your shopping list by pressing '$'.
You now have 25 gold pieces (gained 7).
An ogre comes into view. It is wielding a +0 giant club.
Found a spear.
The ogre shouts!
Enter note:
Enter note: You shoot a sling bullet.
The sling bullet hits the ogre.
The ogre is lightly wounded.
The ogre hits you with a +0 giant club.
You shoot a sling bullet.
The sling bullet barely misses the ogre.
The ogre hits you with a +0 giant club.
You shoot a sling bullet. The sling bullet hits the ogre.
The ogre is moderately wounded.
The ogre misses you.
You shoot a sling bullet. The sling bullet hits the ogre.
The ogre is moderately wounded.
The ogre hits you with a +0 giant club!!
Ouch! That really hurt!
You die...

....##..###..[....).......#
#.#. #........#####.##.##.#
##.###########.##.##.# #.#
#........##.# #.#
#.###.#####.# ..#
##.###.......# ###
#...########## #...# #..@#
#...O....# ............#
.).............
#..............
#.##.........#. .$
#....#...## #....#.###


You could see an ogre.

Vanquished Creatures
  A black bear (D:3)
  4 adders
  A dart slug (D:1)
  2 orcs (D:3)
  7 ball pythons
  5 endoplasms
  2 giant cockroaches
  4 goblins
  2 hobgoblins (D:1)
  6 jackals
  2 quokkas
  7 bats
  10 frilled lizards
  5 kobolds
  A rat (D:1)
59 creatures vanquished.

Notes
Turn   | Place    | Note
-------+----------+-------------------------------------------
     0 | D:1      | qw the Gargoyle Hexslinger began the quest for the Orb.
     0 | D:1      | Reached XP level 1. HP: 12/12 MP: 2/2
     0 | D:1      | 0 ||| qw: Version: 0.3-a-52-g30416fa
     0 | D:1      | 0 ||| qw: Game counter: 7506
     0 | D:1      | 0 ||| qw: Melee chars always use a shield: true
     0 | D:1      | 0 ||| qw: God list: Okawaru
     0 | D:1      | 0 ||| qw: Allow faded altars: false
     0 | D:1      | 0 ||| qw: Do Orc after clearing Dungeon:15 true
     0 | D:1      | 0 ||| qw: Do second Lair branch before Depths: true
     0 | D:1      | 0 ||| qw: Lair rune preference: random
     0 | D:1      | 0 ||| qw: Goals: Normal
     0 | D:1      | 0 ||| PLANNING D:1-11
   105 | D:1      | Found Ytoxt's Assorted Antiques.
   111 | D:1      | 111 ||| SHOPLISTING 3 scrolls labelled CAUCLI CONEOMN (72
                  | gold, have 13).
   111 | D:1      | 111 ||| SHOPLISTING copper ring (120 gold, have 13).
   111 | D:1      | 111 ||| SHOPLISTING scroll labelled CAUCLI CONEOMN (24
                  | gold, have 13).
   111 | D:1      | 111 ||| SHOPLISTING scroll labelled GYQOV RAMETRO (24 gold,
                  | have 13).
   111 | D:1      | 111 ||| SHOPLISTING scroll labelled HYAP TECVOVUE (24 gold,
                  | have 13).
   111 | D:1      | 111 ||| SHOPLISTING scroll labelled LIYGIERIRPH (24 gold,
                  | have 13).
   111 | D:1      | 111 ||| SHOPLISTING scroll labelled UKIOS MATER (24 gold,
                  | have 13).
   111 | D:1      | 111 ||| SHOPLISTING smoky black potion (21 gold, have 13).
   142 | D:1      | Reached XP level 2. HP: 16/16 MP: 3/3
   267 | D:1      | Reached skill level 3 in Ranged Weapons
   399 | D:1      | Reached XP level 3. HP: 14/21 MP: 4/4
   400 | D:1      | 400 ||| FLEEEEING.
   439 | D:1      | Found a faded altar of an unknown god.
   443 | D:1      | 443 ||| Stepping ~*~*~tactically~*~*~ (water).
   631 | D:1      | 631 ||| DROPPING scarf of invisibility.
   632 | D:1      | 632 ||| UPGRADING to +0 helmet.
   637 | D:1      | 637 ||| READING scroll labelled TOHAEF YRONUOR.
   638 | D:1      | 638 ||| READING scroll labelled CAUCLI CONEOMN.
   639 | D:1      | 639 ||| DROPPING scroll of poison.
   664 | D:2      | 664 ||| STAIRDANCE
  1177 | D:2      | Reached XP level 4. HP: 26/26 MP: 5/5
  1329 | D:2      | 1329 ||| UPGRADING to +0 leather armour.
  1339 | D:2      | 1339 ||| DROPPING +0 robe.
  1340 | D:2      | 1340 ||| UPGRADING to +0 ring mail.
  1350 | D:2      | 1350 ||| DROPPING +0 leather armour.
  1351 | D:2      | 1351 ||| DRINKING 3 golden potions.
  1409 | D:3      | Reached skill level 1 in Armour
  1459 | D:3      | Noticed a black bear
  1469 | D:3      | Killed a black bear
  1470 | D:3      | Reached skill level 5 in Ranged Weapons
  1470 | D:3      | Reached XP level 5. HP: 10/30 MP: 6/6
  1476 | D:3      | HP: 6/30 [adder (3)]
  1662 | D:3      | Found a hazy altar of Hepliaklqana.
  1708 | D:3      | Found a bloodstained altar of Trog.
  1831 | D:3      | Found Nanoem's Magic Scroll Boutique.
  1834 | D:3      | 1834 ||| BUYING scroll of enchant armour (97 gold).
  1834 | D:3      | Bought a scroll of enchant armour for 97 gold pieces
  1834 | D:3      | 1834 ||| SHOPLISTING scroll of teleportation (39 gold, have
                  | 18).
  1834 | D:3      | 1834 ||| READING scroll of enchant armour.
  1834 | D:3      | 1834 ||| ENCHANTING +0 helmet.
  1855 | D:3      | Identified the +3 leather armour of Xiczinu {Rampage}
  2071 | D:3      | 2071 ||| UPGRADING to +3 leather armour of Xiczinu
                  | {Rampage}.
  2081 | D:3      | 2081 ||| DROPPING +0 ring mail.
  2082 | D:3      | 2082 ||| DROPPING ring of magical power.
  2083 | D:3      | 2083 ||| READING scroll labelled HYAP TECVOVUE.
  2084 | D:3      | 2084 ||| DRINKING 2 fizzy puce potions.
  2100 | D:4      | 2100 ||| PLANNING OSSUARY
  2185 | D:4      | Noticed an ogre
  2189 | D:4      | Mangled by an ogre

Levels and vault maps discovered:
D:1:      lemuel_arrival_funnel, layout_basic, serial_shops,
          nicolae_shop_overgrown_old_shop, chequers_ecumenical_altar_island
D:2:      cheibrodos_old_hovel, layout_rooms, roderic_lattice_a
D:3:      layout_rooms, nicolae_hepliaklqana_hazy_memory, trog_book,
          serial_shops, nicolae_shop_rolled_up
D:4:      layout_loops_cross, serial_shops, nicolae_shop_behind_doors,
          lightli_ossuary_entry_decrepit_ruins, fountainhead, uniq_ijyb

Skill      XL: |  1  2  3  4 |
---------------+-------------+-----
Ranged Weapons | 3 5 |  5.0
Fighting       | 2 |  2.7
Armour         | 1 |  1.0
Dodging        | |  1.5
Spellcasting   | |  1.0
Hexes          | |  2.6

Action                     |  1- 3 |  4- 6 || total
---------------------------+-------+-------++-------
   Fire: Sling             |   123 |   112 ||   235
    Use: Scroll            |     2 |     2 ||     4
         Potion            |       |     2 ||     2
 Armour: Robe              |    30 |       ||    30
         Ring mail         |       |    76 ||    76
  Dodge: Dodged            |    65 |    65 ||   130

Table legend:
 A = Non-vault XP
 B = Vault XP
 C = Vault XP percentage of total XP
 D = Non-vault monster count
 E = Vault monster count
 F = Vault count percentage of total count
                 A         B        C        D         E       F
            +---------+---------+-------+---------+---------+-------
      Total |     269 |       2 |   0.7 |      58 |       1 |   1.7
            +---------+---------+-------+---------+---------+-------
        D:1 |      41 |       0 |   0.0 |      26 |       0 |   0.0
        D:2 |      39 |       2 |   4.9 |      11 |       1 |   8.3
        D:3 |     185 |       0 |   0.0 |      19 |       0 |   0.0
        D:4 |       4 |       0 |   0.0 |       2 |       0 |   0.0
            +---------+---------+-------+---------+---------+-------
